 Dungeon Crawl Stone Soup version 0.22.1-2-g9c5b331 (webtiles) character file.

1418 MalarOregon the Ducker (level 8, -1/58 HPs)
             Began as a Merfolk Wizard on Nov 26, 2018.
             Was an Initiate of Nemelex Xobeh.
             Slain by an ogre
             ... wielding a +0 giant spiked club
              (23 damage)
             ... on level 6 of the Dungeon.
             The game lasted 00:19:52 (7141 turns).

MalarOregon the Ducker (Merfolk Wizard)             Turns: 7141, Time: 00:19:53

Health: -1/58      AC:  8    Str:  7    XL:     8   Next: 71%
Magic:  2/14       EV: 13    Int: 20    God:    Nemelex Xobeh [......]
Gold:   193        SH:  4    Dex: 12    Spells: 9/15 levels left

rFire    . . .     SeeInvis .   w - +0 short sword (freeze)
rCold    . . .     Gourm    .   o - +0 buckler
rNeg     + . .     Faith    .   h - +0 leather armour
rPois    .         Spirit   .   u - +1 helmet
rElec    .         Reflect  .   (no cloak)
rCorr    .         Harm     .   m - +1 pair of gloves
MR       .....                  g - +0 pair of boots
Stlth    +++.......             s - amulet of regeneration
HPRegen  0.59/turn              a - ring of stealth
MPRegen  0.14/turn              p - ring of positive energy

@: no status effects
A: change form in water, swift swim, stealthy swim
a: Renounce Religion


You were on level 6 of the Dungeon.
You worshipped Nemelex Xobeh.
Nemelex Xobeh was noncommittal.
You were not hungry.

You visited 2 branches of the dungeon, and saw 7 of its levels.

You collected 193 gold pieces.

Inventory:

Hand Weapons
 w - a +0 short sword of freezing (weapon)
   (You found it on level 3 of the Dungeon)
Armour
 g - a +0 pair of boots (worn)
   (You found it on level 2 of the Dungeon)
 h - a +0 leather armour (worn)
   (You found it on level 1 of the Dungeon)
 l - a +0 shield
   (You found it on level 1 of the Dungeon)
 m - a +1 pair of gloves (worn)
   (You found it on level 2 of the Dungeon)
 o - a +0 buckler (worn)
   (You found it on level 2 of the Dungeon)
 u - a +1 helmet (worn)
   (You took it off Robin on level 4 of the Dungeon)
Jewellery
 a - a ring of stealth (left hand)
   (You found it on level 3 of the Dungeon)
 p - a ring of positive energy (right hand)
   (You found it on level 3 of the Dungeon)
 s - an amulet of regeneration (around neck)
   (You found it on level 3 of the Dungeon)
Wands
 t - a wand of flame (35)
   (You found it on level 4 of the Dungeon)
Scrolls
 b - 4 scrolls of identify {@r1}
 f - 3 scrolls of remove curse {@r2}
 q - 2 scrolls of blinking
Potions
 c - a potion of might {unknown}
 i - 2 potions of curing {@q1}
 j - a potion of haste {unknown}
 k - 2 potions of heal wounds {@q2}
 r - a potion of lignification {unknown}
Comestibles
 e - 10 rations {!d}


   Skills:
 + Level 3.4 Fighting
 + Level 3.9 Short Blades
 + Level 2.4 Armour
 + Level 5.0 Dodging
 - Level 3.0 Stealth
 + Level 2.9 Shields
 + Level 4.3 Spellcasting
 - Level 2.0 Conjurations
 + Level 3.2 Summonings
   Level 0.7 Translocations
 - Level 2.0 Air Magic
 + Level 3.2 Poison Magic


You had 9 spell levels left.
You knew the following spells:

 Your Spells              Type           Power        Failure   Level  Hunger
a - Magic Dart            Conj           ##..         9%          1    None
f - Mephitic Cloud        Conj/Pois/Air  ##......     22%         3    ###....
x - Call Imp              Summ           ###.....     9%          2    #......

Your spell library contained the following spells:

 Spells                   Type           Power        Failure   Level  Hunger
 Sting                    Conj/Pois      ##..         7%          1    None
 Blink                    Tloc           N/A          24%         2    #......
 Slow                     Hex            #.......     30%         2    #......
 Conjure Flame            Conj/Fire      #.......     38%         3    ###....


Dungeon Overview and Level Annotations

Branches:
Dungeon (6/15)             Temple (1/1) D:5

Altars:
Ashenzari
Dithmenos
Elyvilon
Fedhas
Gozag
Hepliaklqana
Nemelex Xobeh
Qazlal
Sif Muna
Trog
Vehumet
Wu Jian
Xom
Yredelemnul
Zin


Message History

You hit the ogre. You freeze the ogre. The ice beast misses you.
Your white imp hits the ice beast.
Your white imp freezes the ice beast.
The ice beast completely resists.
Your white imp barely misses the ice beast.
The ogre barely misses you.
You hit the ogre. You freeze the ogre.
The ice beast hits you but does no damage.
Your white imp closely misses the ice beast.
Your white imp completely misses the ice beast.
You hit the ogre. You freeze the ogre. You block the ogre's attack.
The ice beast closely misses you.
Your white imp closely misses the ice beast.
You hit the ogre. You freeze the ogre.
Your white imp completely misses the ice beast.
The ice beast hits you but does no damage.
Your white imp hits the ice beast but does no damage.
The ogre hits you with a giant spiked club.
* * * LOW HITPOINT WARNING * * *
You barely miss the ogre.
Your white imp barely misses the ice beast.
The ice beast hits you but does no damage.
Your white imp hits the ice beast but does no damage.
You are starving!
You barely miss the ogre.
Your white imp barely misses the ice beast.
The ogre hits you with a giant spiked club!
* * * LOW HITPOINT WARNING * * *
You block the ice beast's attack.
Your white imp barely misses the ice beast.
Your white imp hits the ice beast but does no damage.
The ogre completely misses your white imp.
The ice beast completely misses your white imp.
Your white imp hits the ice beast.
Your white imp freezes the ice beast.
The ice beast completely resists.
Your white imp misses the ice beast.
The ice beast hits your white imp. The ice beast freezes your white imp.
Your white imp resists.
You eat one of the 11 rations {!d}.
That ration really hit the spot!
Your white imp hits the ice beast but does no damage. x2
The ice beast hits your white imp. The ice beast freezes your white imp.
Your white imp resists.
Aim: an ogre, wielding a giant spiked club (almost dead)
The magic dart hits the ogre.
Your white imp hits the ice beast.
Your white imp freezes the ice beast.
The ice beast completely resists.
Your white imp closely misses the ice beast.
The ice beast barely misses your white imp.
You hit the ogre. You freeze the ogre.
Your white imp hits the ice beast but does no damage.
The ogre hits you with a giant spiked club!!
You die...
Your body disappears without a glow.

.....#####
#........#
#.....<..# #..
#........#
#.).###........#.
#...............)
#... ##...Y.%..#
#...##...5.5...>.
#....#.@O......#.
#...##.######
##..##>##
###..##..##
#.........#
#.......#.##
#<......#...
#...........
###.....##.


You could see an ice beast, an ogre and 2 friendly white imps.

Vanquished Creatures
  Grinder (D:5)
  The ghost of RoboWizard the Firebug, an amateur HuFE (D:3)
  A phantom (D:5)
  A howler monkey (D:5)
  A crimson imp (D:5)
  A centaur zombie (D:5)
  2 hounds
  Crazy Yiuf (D:2)
  An orc wizard (D:3)
  A bullfrog skeleton (D:5)
  Jessica (D:3)
  Natasha (thrice) (D:3)
  An iguana (D:5)
  3 worker ants
  2 gnolls (D:4)
  6 adders
  4 dart slugs
  4 leopard geckos
  An orc (D:3)
  2 ball pythons
  4 giant cockroaches
  15 goblins
  8 hobgoblins
  5 jackals
  4 quokkas
  5 bats
  3 frilled lizards
  5 kobolds
  A leopard gecko zombie (D:5)
  9 rats
  2 butterflies (D:5)
  A fungus (D:2)
100 creatures vanquished.

Vanquished Creatures (collateral kills)
  Pikel (D:5)
  An ice beast (D:6)
  A sky beast (D:5)
  A gnoll sergeant (D:4)
  A howler monkey (D:5)
  A bullfrog zombie (D:5)
  A hound (D:4)
  An orc wizard (D:3)
  Robin (D:4)
  A gnoll (D:4)
  4 adders
  2 worms (D:2)
  A leopard gecko (D:3)
  11 giant cockroaches (D:2)
  3 goblins (D:3)
  2 jackals (D:3)
  A frilled lizard (D:3)
34 creatures vanquished.

Vanquished Creatures (others)
  A hound (D:5)
  A leopard gecko (D:5)
2 creatures vanquished.

Grand Total: 136 creatures vanquished

Notes
Turn   | Place    | Note
-------+----------+-------------------------------------------
     0 | D:1      | MalarOregon the Merfolk Wizard began the quest for the Orb.
     0 | D:1      | Reached XP level 1. HP: 13/13 MP: 4/4
   263 | D:1      | Reached XP level 2. HP: 20/20 MP: 3/6
   286 | D:1      | Reached skill level 1 in Conjurations
   412 | D:1      | Reached skill level 3 in Dodging
   564 | D:1      | Learned a level 2 spell: Call Imp
   982 | D:1      | Reached skill level 1 in Short Blades
   991 | D:1      | Reached XP level 3. HP: 15/25 MP: 2/7
  1205 | D:2      | Reached skill level 1 in Fighting
  1928 | D:2      | Reached XP level 4. HP: 32/32 MP: 3/8
  1975 | D:2      | Learned a level 3 spell: Mephitic Cloud
  2178 | D:2      | You fall through a shaft for 2 floors!
  2645 | D:4      | Reached XP level 5. HP: 25/37 MP: 4/9
  2966 | D:3      | Found a runed door.
  2978 | D:3      | Reached skill level 1 in Armour
  3059 | D:3      | Noticed RoboWizard's ghost (amateur HuFE)
  3311 | D:3      | Noticed Natasha
  3316 | D:3      | Noticed Robin
  3493 | D:4      | Reached skill level 1 in Poison Magic
  3884 | D:4      | Killed Robin
  3884 | D:4      | Reached skill level 1 in Shields
  3985 | D:3      | Killed Natasha
  4070 | D:3      | Noticed Natasha
  4085 | D:3      | Killed Natasha
  4085 | D:3      | Reached XP level 6. HP: 38/44 MP: 9/11
  4204 | D:3      | Noticed Jessica
  4217 | D:3      | Killed Jessica
  4358 | D:3      | Found a runed door.
  4419 | D:3      | Noticed Natasha
  4440 | D:3      | Killed Natasha
  4521 | D:2      | Reached skill level 1 in Air Magic
  4819 | D:2      | Found a runed door.
  4823 | D:2      | Noticed Crazy Yiuf
  4850 | D:2      | Killed Crazy Yiuf
  4970 | D:3      | Found a deep blue altar of Sif Muna.
  5020 | D:3      | Identified Sif Muna's Incunabulum of Poison
  5102 | D:3      | Killed RoboWizard's ghost
  5102 | D:3      | Reached XP level 7. HP: 25/51 MP: 5/12
  5208 | D:4      | Reached skill level 4 in Dodging
  5571 | D:5      | Entered Level 5 of the Dungeon
  5577 | D:5      | Found a shimmering altar of Xom.
  6143 | D:5      | Noticed Pikel
  6163 | D:5      | Killed Pikel
  6163 | D:5      | Reached XP level 8. HP: 58/58 MP: 4/14
  6180 | D:5      | Noticed Grinder
  6190 | D:5      | Paralysed by Grinder for 2 turns
  6201 | D:5      | Killed Grinder
  6577 | D:5      | Found a staircase to the Ecumenical Temple.
  6609 | Temple   | Entered the Ecumenical Temple
  6659 | Temple   | Became a worshipper of Nemelex Xobeh the Trickster
  7034 | D:6      | Reached skill level 5 in Dodging
  7141 | D:6      | Slain by an ogre

Skill      XL: |  1  2  3  4  5  6  7  8 |
---------------+-------------------------+-----
Conjurations   | 1 2 |  2.0
Dodging        | 3 4 5 |  5.0
Short Blades   | 1 2 3 |  3.9
Fighting       | 1 2 3 |  3.4
Stealth        | 3 |  3.0
Armour         | 1 2 |  2.4
Poison Magic   | 1 2 3 |  3.2
Shields        | 1 2 |  2.9
Air Magic      | 1 2 |  2.0
Summonings     | 2 3 |  3.2
Spellcasting   | 4 |  4.3
Translocations | |  0.7

Action                   |  1- 3 |  4- 6 |  7- 9 || total
-------------------------+-------+-------+-------++-------
Melee: Dagger            |    55 |   273 |       ||   328
       Unarmed           |     2 |       |       ||     2
       Short sword       |       |   178 |   247 ||   425
 Cast: Magic Dart        |    51 |    62 |    39 ||   152
       Call Imp          |     9 |    25 |    31 ||    65
       Mephitic Cloud    |       |     1 |       ||     1
  Use: Scroll            |     5 |     3 |     4 ||    12
       Potion            |     1 |     3 |       ||     4
 Stab: Sleeping          |     1 |     4 |     2 ||     7
       Distracted        |       |     3 |     2 ||     5
  Eat: Chunk             |     3 |    12 |     6 ||    21
       Ration            |       |       |     1 ||     1
Armor: Robe              |     3 |    45 |       ||    48
       Leather armour    |       |    74 |    67 ||   141
Dodge: Dodged            |    39 |   262 |   115 ||   416
Block: Buckler           |       |    51 |    45 ||    96
